TOP OF THE 1ST |
Cincinnati (NYP) Reds batting - Pitching for Boise Hawks : RHP Joe Goodale
|
Pitching: RHP Joe Goodale
|
|
Batting: SHB Bryan Johnston
|
0-0: Foul Ball, location: 2F 0-1: Ball 1-1: Ball 2-1: Swinging Strike 2-2: Ball 3-2: Ground out 6-3 (Groundball, 6M, EV 96.9 MPH)
|
Pinch Hitting: RHB Alfredo Razo
|
0-0: Foul Ball, location: 2F 0-1: Ground out 4-3 (Groundball, 4MS, EV 81.9 MPH)
|
Batting: LHB David Moore
|
0-0: Ball 1-0: Called Strike 1-1: Ball 2-1: Ball 3-1: Called Strike 3-2: Foul Ball, location: 2F 3-2: Base on Balls
|
Batting: LHB Shigeru Ono
|
0-0: Ball 1-0: Called Strike 1-1: Ball 2-1: Fly out, F9 (Flyball, 89S, EV 93.1 MPH)
|
Top of the 1st over - 0 runs, 0 hits, 0 errors, 1 left on base; Cincinnati (NYP) 0 - Boise 0 |
BOTTOM OF THE 1ST |
Boise Hawks batting - Pitching for Cincinnati (NYP) Reds : RHP Matt Moffat
|
Pitching: RHP Matt Moffat
|
|
Now in LF: Alfredo Razo
|
|
Batting: LHB Greg Valenzuela
|
0-0: Called Strike 0-1: Ground out U3 (Groundball, 3L, EV 78.1 MPH)
|
Batting: LHB Steve Gilliam
|
0-0: Ball 1-0: Ball 2-0: Foul Ball, location: 2F 2-1: Foul Ball, location: 2F 2-2: Ball 3-2: DOUBLE (Line Drive, 3D, EV 103.1 MPH)
|
Batting: SHB Bobby Santor
|
0-0: Ball 1-0: Swinging Strike 1-1: Ball 2-1: Foul Ball, location: 2F 2-2: Ball 3-2: SINGLE (Groundball, 13, EV 91.3 MPH) (infield hit) Steve Gilliam to third
|
Batting: LHB Zack Guillen
|
0-0: Fly out, F7 (Flyball, 7D, EV 101.3 MPH) Runner from 3rd tags up, SCORES, no throw by LF
|
Batting: RHB John Boyer
|
0-0: Called Strike Bobby Santor steals 2nd base 0-1: Ball 1-1: Fly out, F8 (Flyball, 8RS, EV 88.1 MPH)
|
Bottom of the 1st over - 1 run, 2 hits, 0 errors, 1 left on base; Cincinnati (NYP) 0 - Boise 1 |
TOP OF THE 2ND |
Cincinnati (NYP) Reds batting - Pitching for Boise Hawks : RHP Joe Goodale
|
Batting: RHB Klaas Meij
|
0-0: Ball 1-0: Ball 2-0: Ball 3-0: Base on Balls
|
Batting: RHB Jamie Ingram
|
0-0: Ball 1-0: Ball 2-0: Called Strike 2-1: Ball Balk! Klaas Meij to second 3-1: Ground out 4-3 (Groundball, 4, EV 77.5 MPH) Klaas Meij to third
|
Batting: SHB Jason Kirby
|
0-0: Ball 1-0: Called Strike 1-1: Foul Ball, location: 2F 1-2: Ground out 5-3 (Groundball, 56, EV 85.0 MPH) Klaas Meij scores
|
Batting: RHB Jay Jacobson
|
0-0: Fly out, F8 (Flyball, 8LM, EV 92.5 MPH)
|
Top of the 2nd over - 1 run, 0 hits, 0 errors, 0 left on base; Cincinnati (NYP) 1 - Boise 1 |
BOTTOM OF THE 2ND |
Boise Hawks batting - Pitching for Cincinnati (NYP) Reds : RHP Matt Moffat
|
Batting: RHB Willis Morales
|
0-0: Ground out 6-3 (Groundball, 6, EV 97.5 MPH)
|
Batting: RHB Chris Tatum
|
0-0: Called Strike 0-1: Swinging Strike 0-2: Ball 1-2: Ball 2-2: Strikes out swinging
|
Batting: RHB John Stevenson
|
0-0: Ball 1-0: Foul Ball, location: 2F 1-1: Ball 2-1: Swinging Strike 2-2: Strikes out swinging
|
Bottom of the 2nd over - 0 runs, 0 hits, 0 errors, 0 left on base; Cincinnati (NYP) 1 - Boise 1 |
TOP OF THE 3RD |
Cincinnati (NYP) Reds batting - Pitching for Boise Hawks : RHP Joe Goodale
|
Batting: RHB Kagetoki Kawai
|
0-0: SINGLE (Flyball, 3D, EV 91.9 MPH)
|
Batting: SHB Bryan Johnston
|
0-0: Foul Ball, location: 2F 0-1: Ball 1-1: Ball 2-1: Called Strike 2-2: SINGLE (Groundball, 4MD, EV 108.1 MPH) Kagetoki Kawai to second Runner from 2nd tries for 3rd, SAFE, no throw by CF
|
Batting: RHB Alfredo Razo
|
0-0: Ball Bryan Johnston steals 2nd base 1-0: Fly out, F7 (Flyball, 7D, EV 94.4 MPH) Runner from 3rd tags up, SCORES, no throw by LF
|
Batting: LHB David Moore
|
0-0: Ball Bryan Johnston steals 3rd base 1-0: Ball 2-0: Ball 3-0: Base on Balls
|
Batting: LHB Shigeru Ono
|
0-0: Ball 1-0: Called Strike 1-1: Called Strike 1-2: Ball 2-2: Ball 3-2: Base on Balls David Moore to second
|
Batting: RHB Klaas Meij
|
0-0: Ball 1-0: Called Strike 1-1: Ball 2-1: Swinging Strike 2-2: Strikes out swinging
|
Batting: RHB Jamie Ingram
|
0-0: Swinging Strike 0-1: Fly out, F8 (Flyball, 8RS, EV 86.3 MPH)
|
Top of the 3rd over - 1 run, 2 hits, 0 errors, 3 left on base; Cincinnati (NYP) 2 - Boise 1 |
BOTTOM OF THE 3RD |
Boise Hawks batting - Pitching for Cincinnati (NYP) Reds : RHP Matt Moffat
|
Batting: SHB Jamie Locke
|
0-0: Ball 1-0: Ball 2-0: Ball 3-0: Called Strike 3-1: Ground out U3 (Groundball, 3, EV 80.0 MPH)
|
Batting: LHB Greg Valenzuela
|
0-0: Ball 1-0: Ball 2-0: Ball 3-0: Called Strike 3-1: Called Strike 3-2: Strikes out swinging
|
Batting: LHB Steve Gilliam
|
0-0: Ball 1-0: Ball 2-0: Foul Ball, location: 2F 2-1: Ball 3-1: Fly out, F4 (Popup, 34, EV 68.8 MPH)
|
Bottom of the 3rd over - 0 runs, 0 hits, 0 errors, 0 left on base; Cincinnati (NYP) 2 - Boise 1 |
TOP OF THE 4TH |
Cincinnati (NYP) Reds batting - Pitching for Boise Hawks : RHP Joe Goodale
|
Batting: SHB Jason Kirby
|
0-0: Called Strike 0-1: Swinging Strike 0-2: Ball 1-2: Strikes out swinging
|
Batting: RHB Jay Jacobson
|
0-0: Ball 1-0: Foul Ball, location: 2F 1-1: Foul Ball, location: 2F 1-2: Ground out 3-1 (Groundball, 34, EV 83.1 MPH)
|
Batting: RHB Kagetoki Kawai
|
0-0: Called Strike 0-1: Hit by Pitch
|
Batting: SHB Bryan Johnston
|
0-0: Called Strike Kagetoki Kawai steals 2nd base 0-1: Ball 1-1: Ball 2-1: Foul Ball, location: 2F 2-2: Strikes out swinging
|
Top of the 4th over - 0 runs, 0 hits, 0 errors, 1 left on base; Cincinnati (NYP) 2 - Boise 1 |
BOTTOM OF THE 4TH |
Boise Hawks batting - Pitching for Cincinnati (NYP) Reds : RHP Matt Moffat
|
Batting: SHB Bobby Santor
|
0-0: Ball 1-0: Called Strike 1-1: Foul Ball, location: 2F 1-2: Foul Ball, location: 2F 1-2: Ball 2-2: Ball 3-2: Fly out, F7 (Flyball, 7S, EV 90.0 MPH)
|
Batting: LHB Zack Guillen
|
0-0: Ball 1-0: Foul Ball, location: 2F 1-1: Foul Ball, location: 2F 1-2: Ground out U3 (Groundball, 34, EV 100.0 MPH)
|
Batting: RHB John Boyer
|
0-0: Called Strike 0-1: Ball 1-1: Ground out 6-3 (Groundball, 6, EV 88.1 MPH)
|
Bottom of the 4th over - 0 runs, 0 hits, 0 errors, 0 left on base; Cincinnati (NYP) 2 - Boise 1 |
TOP OF THE 5TH |
Cincinnati (NYP) Reds batting - Pitching for Boise Hawks : RHP Joe Goodale
|
Batting: RHB Alfredo Razo
|
0-0: Swinging Strike 0-1: Ball 1-1: Ball 2-1: Foul Ball, location: 2F 2-2: Strikes out swinging
|
Batting: LHB David Moore
|
0-0: Called Strike 0-1: Ground out 4-3 (Groundball, 4, EV 93.8 MPH)
|
Batting: LHB Shigeru Ono
|
0-0: Ball 1-0: Foul Ball, location: 2F 1-1: Ball 2-1: Ball 3-1: Called Strike 3-2: Fly out, F3 (Popup, 3, EV 56.3 MPH)
|
Top of the 5th over - 0 runs, 0 hits, 0 errors, 0 left on base; Cincinnati (NYP) 2 - Boise 1 |
BOTTOM OF THE 5TH |
Boise Hawks batting - Pitching for Cincinnati (NYP) Reds : RHP Matt Moffat
|
Batting: RHB Willis Morales
|
0-0: Fly out, F6 (Line Drive, 6, EV 70.6 MPH)
|
Batting: RHB Chris Tatum
|
0-0: Foul Ball, location: 2F 0-1: Called Strike 0-2: Foul Ball, location: 2F 0-2: Ball 1-2: Foul Ball, location: 2F 1-2: Ball 2-2: Fly out, F8 (Flyball, 8RM, EV 85.0 MPH)
|
Batting: RHB John Stevenson
|
0-0: Ball 1-0: Foul Ball, location: 2F 1-1: Called Strike 1-2: Foul Ball, location: 2F 1-2: Strikes out looking
|
Bottom of the 5th over - 0 runs, 0 hits, 0 errors, 0 left on base; Cincinnati (NYP) 2 - Boise 1 |
TOP OF THE 6TH |
Cincinnati (NYP) Reds batting - Pitching for Boise Hawks : RHP Joe Goodale
|
Batting: RHB Klaas Meij
|
0-0: Ball 1-0: SINGLE (Groundball, 34D, EV 105.6 MPH)
|
Batting: RHB Jamie Ingram
|
0-0: Called Strike 0-1: Fielders Choice at 2nd, 3-6 (Groundball, 34S, EV 83.1 MPH)
|
Batting: SHB Jason Kirby
|
0-0: Foul Ball, location: 2F 0-1: Called Strike 0-2: Foul Ball, location: 2F 0-2: Ball 1-2: Foul Ball, location: 2F 1-2: Ball 2-2: Fly out, F5 (Popup, 5S, EV 84.4 MPH)
|
Pitching: LHP Dan Ott
|
|
Batting: RHB Jay Jacobson
|
0-0: Ball Wild Pitch! Jamie Ingram to second 1-0: Ball 2-0: Ball 3-0: Called Strike 3-1: Foul Ball, location: 2F 3-2: Strikes out swinging
|
Top of the 6th over - 0 runs, 1 hit, 0 errors, 1 left on base; Cincinnati (NYP) 2 - Boise 1 |
BOTTOM OF THE 6TH |
Boise Hawks batting - Pitching for Cincinnati (NYP) Reds : RHP Matt Moffat
|
Batting: SHB Jamie Locke
|
0-0: Called Strike 0-1: Ball 1-1: Fly out, F6 (Popup, P, EV 84.4 MPH)
|
Batting: LHB Greg Valenzuela
|
0-0: Ball 1-0: Called Strike 1-1: Foul Ball, location: 2F 1-2: Ball 2-2: Foul Ball, location: 2F 2-2: Ball 3-2: Foul Ball, location: 2F 3-2: Base on Balls
|
Batting: LHB Steve Gilliam
|
0-0: Ball 1-0: Ball 2-0: Called Strike 2-1: Called Strike Greg Valenzuela steals 2nd base 2-2: SINGLE (Groundball, 34S, EV 72.5 MPH) (infield hit) Greg Valenzuela to third
|
Batting: SHB Bobby Santor
|
0-0: Ball Steve Gilliam is caught stealing 2nd base 2-6 1-0: Called Strike 1-1: Ball 2-1: Fly out, F6 (Line Drive, 6, EV 62.5 MPH)
|
Bottom of the 6th over - 0 runs, 1 hit, 0 errors, 1 left on base; Cincinnati (NYP) 2 - Boise 1 |
TOP OF THE 7TH |
Cincinnati (NYP) Reds batting - Pitching for Boise Hawks : LHP Dan Ott
|
Pitching: RHP Angelo Ayala
|
|
Batting: RHB Kagetoki Kawai
|
0-0: Foul Ball, location: 2F 0-1: SINGLE (Line Drive, 56D, EV 106.9 MPH)
|
Batting: SHB Bryan Johnston
|
0-0: Ball 1-0: Called Strike Kagetoki Kawai steals 2nd base 1-1: Called Strike 1-2: Ball 2-2: Ball 3-2: Base on Balls
|
Batting: RHB Alfredo Razo
|
0-0: Sac Bunt to 5S - play at first, batter OUT! 5-4 Kagetoki Kawai to third Bryan Johnston to second
|
Batting: LHB David Moore
|
0-0: Called Strike 0-1: Ball 1-1: Called Strike 1-2: Strikes out looking
|
Batting: LHB Shigeru Ono
|
0-0: Called Strike 0-1: Ball 1-1: Ball 2-1: Ball 3-1: Base on Balls
|
Batting: RHB Klaas Meij
|
0-0: Called Strike 0-1: Ball 1-1: Fly out, F8 (Flyball, 89D, EV 93.8 MPH)
|
Top of the 7th over - 0 runs, 1 hit, 0 errors, 3 left on base; Cincinnati (NYP) 2 - Boise 1 |
BOTTOM OF THE 7TH |
Boise Hawks batting - Pitching for Cincinnati (NYP) Reds : RHP Matt Moffat
|
Batting: LHB Zack Guillen
|
0-0: Swinging Strike 0-1: Ball 1-1: Foul Ball, location: 2F 1-2: Strikes out swinging
|
Batting: RHB John Boyer
|
0-0: SINGLE (Line Drive, 6MD, EV 98.1 MPH)
|
Batting: RHB Willis Morales
|
0-0: Called Strike 0-1: TRIPLE (Flyball, 78XD, EV 99.4 MPH) John Boyer scores
|
Batting: RHB Chris Tatum
|
0-0: Ball 1-0: Called Strike 1-1: Ball Wild Pitch! Willis Morales scores 2-1: Ground out 6-3 (Groundball, 6, EV 110.0 MPH)
|
Batting: RHB John Stevenson
|
0-0: Ball 1-0: Called Strike 1-1: Swinging Strike 1-2: Foul Ball, location: 2F 1-2: Foul Ball, location: 2F 1-2: Strikes out swinging
|
Bottom of the 7th over - 2 runs, 2 hits, 0 errors, 0 left on base; Cincinnati (NYP) 2 - Boise 3 |
TOP OF THE 8TH |
Cincinnati (NYP) Reds batting - Pitching for Boise Hawks : RHP Angelo Ayala
|
Pitching: RHP Tye Dickinson
|
|
Batting: RHB Jamie Ingram
|
0-0: Swinging Strike 0-1: Foul Ball, location: 2F 0-2: Ball 1-2: Strikes out swinging
|
Batting: SHB Jason Kirby
|
0-0: Called Strike 0-1: Swinging Strike 0-2: Ball 1-2: Foul Ball, location: 2F 1-2: Ball 2-2: Foul Ball, location: 2F 2-2: Foul Ball, location: 2F 2-2: Ball 3-2: Foul Ball, location: 2F 3-2: Foul Ball, location: 2F 3-2: Foul Ball, location: 2F 3-2: Strikes out swinging
|
Pinch Hitting: LHB Fernando Gomez
|
0-0: Called Strike 0-1: Ball 1-1: Ground out 4-3 (Groundball, 34, EV 81.9 MPH)
|
Top of the 8th over - 0 runs, 0 hits, 0 errors, 0 left on base; Cincinnati (NYP) 2 - Boise 3 |
BOTTOM OF THE 8TH |
Boise Hawks batting - Pitching for Cincinnati (NYP) Reds : RHP Matt Moffat
|
Pitching: RHP Giovonni Morgia
|
|
Now at 3B: Jason Kirby
|
|
Now at SS: Fernando Gomez
|
|
Now in RF: Shigeru Ono
|
|
Batting: SHB Jamie Locke
|
0-0: Ball 1-0: Ball 2-0: Fly out, F8 (Flyball, 89XD, EV 96.3 MPH)
|
Batting: LHB Greg Valenzuela
|
0-0: Ball 1-0: Ball 2-0: Called Strike 2-1: Ball 3-1: Foul Ball, location: 2F 3-2: Base on Balls
|
Batting: LHB Steve Gilliam
|
0-0: Called Strike Greg Valenzuela steals 2nd base (no throw) 0-1: Ball 1-1: DOUBLE (Flyball, 78D, EV 99.4 MPH) Greg Valenzuela scores
|
Batting: SHB Bobby Santor
|
0-0: Ball Steve Gilliam steals 3rd base 1-0: Foul Ball, location: 2F 1-1: Ball 2-1: Swinging Strike 2-2: TRIPLE (Line Drive, 78XD, EV 110.0 MPH) Steve Gilliam scores
|
Batting: LHB Zack Guillen
|
0-0: Intentional Walk
|
Batting: RHB John Boyer
|
0-0: Called Strike Zack Guillen steals 2nd base 0-1: Foul Ball, location: 2F 0-2: SINGLE (Line Drive, 9S, EV 92.5 MPH) Bobby Santor scores Zack Guillen to third
|
Pitching: RHP Jesus Gallegos
|
|
Batting: RHB Willis Morales
|
0-0: Ball 1-0: Ball 2-0: Called Strike 2-1: Foul Ball, location: 2F 2-2: Ball John Boyer steals 2nd base 3-2: Base on Balls
|
Batting: RHB Chris Tatum
|
0-0: Ball 1-0: Ball 2-0: Fielders Choice at 2nd, 6-4 (Groundball, 6, EV 90.0 MPH) Zack Guillen scores John Boyer to third
|
Batting: RHB John Stevenson
|
0-0: Ball 1-0: Ground out 6-3 (Groundball, 6MS, EV 84.4 MPH)
|
Bottom of the 8th over - 4 runs, 3 hits, 0 errors, 2 left on base; Cincinnati (NYP) 2 - Boise 7 |
TOP OF THE 9TH |
Cincinnati (NYP) Reds batting - Pitching for Boise Hawks : RHP Tye Dickinson
|
Batting: RHB Kagetoki Kawai
|
0-0: Called Strike 0-1: SINGLE (Groundball, 4MD, EV 107.5 MPH)
|
Batting: SHB Bryan Johnston
|
0-0: Ball 1-0: Foul Ball, location: 2F 1-1: Swinging Strike 1-2: Ball 2-2: Foul Ball, location: 2F 2-2: Foul Ball, location: 2F 2-2: Foul Ball, location: 2F 2-2: Foul Ball, location: 2F 2-2: Strikes out swinging
|
Pinch Hitting: LHB Elijah Benton
|
0-0: Foul Ball, location: 2F 0-1: Foul Ball, location: 2F 0-2: Ball 1-2: Strikes out looking
|
Batting: LHB David Moore
|
0-0: Called Strike 0-1: SINGLE (Groundball, 4MD, EV 106.9 MPH) Kagetoki Kawai to second
|
Batting: LHB Shigeru Ono
|
0-0: Called Strike 0-1: Ball 1-1: Swinging Strike 1-2: Strikes out looking
|
Top of the 9th over - 0 runs, 2 hits, 0 errors, 2 left on base; Cincinnati (NYP) 2 - Boise 7 |
|